 Dungeon Crawl Stone Soup version 0.22-a0-443-g17c3723931 (webtiles) character file.

39 Rrauwl the Skirmisher (level 3, -1/40 HPs)
             Began as an Ogre Berserker on May 31, 2018.
             Was a Believer of Trog.
             Succumbed to an adder's poison
             ... on level 2 of the Dungeon.
             The game lasted 00:02:39 (1075 turns).

Rrauwl the Skirmisher (Ogre Berserker)              Turns: 1075, Time: 00:02:41

Health: -1/40      AC:  3    Str: 24 (26) XL:     3   Next: 45%
Magic:  3/3        EV: 10    Int:  6 (8)  God:    Trog [**....]
Gold:   74         SH:  0    Dex:  6 (9)  Spells: 2/2 levels left

rFire    . . .     SeeInvis .   a - +0 mace
rCold    . . .     Gourm    .   (no shield)
rNeg     . . .     Faith    .   b - +0 animal skin
rPois    .         Spirit   .   (helmet restricted)
rElec    .         Reflect  .   (no cloak)
rCorr    .         Harm     .   (gloves unavailable)
MR       .....                  (boots unavailable)
Stlth    +.........             (no amulet)
HPRegen  0.13/turn              (no ring)
MPRegen  0.08/turn              (no ring)

@: mighty, lethally poisoned (-1 -> -19)
A: large, unfitting armour, tough skin 1
a: Berserk, Trog's Hand, Renounce Religion


You were on level 2 of the Dungeon.
You worshipped Trog.
Trog was pleased with you.
You were not hungry.

You visited 1 branch of the dungeon, and saw 2 of its levels.

You collected 74 gold pieces.

Inventory:

Hand Weapons
 a - a +0 mace (weapon)
Armour
 b - a +0 animal skin (worn)
 p - a +0 cloak
Scrolls
 d - a scroll of immolation {unknown}
 e - 4 scrolls of identify
 h - a scroll of amnesia {unknown}
 j - 2 scrolls of remove curse {unknown}
 m - a scroll of teleportation {unknown}
 n - a scroll of magic mapping {unknown}
 o - 3 scrolls of blinking
Comestibles
 c - 2 rations
 f - 2 chunks of flesh


   Skills:
 + Level 4.6 Fighting
 + Level 3.2 Maces & Flails
 + Level 3.1 Dodging


You had 2 spell levels left.
You didn't know any spells.
Your spell library was empty.

Dungeon Overview and Level Annotations

Branches:
Dungeon (2/15)

Altars:
Fedhas
Kikubaaqudgha


Innate Abilities, Weirdness & Mutations

You are too large for most types of armour.
You have tough skin. (AC +1)


Message History

* * * LOW HITPOINT WARNING * * *
You are more poisoned.
The adder poisons you!
You closely miss the adder.
The adder is severely wounded.
* * * LOW HITPOINT WARNING * * *
You feel sick. The adder bites you but does no damage. The adder bites you.
* * * LOW HITPOINT WARNING * * *
You are more poisoned.
The adder poisons you!
You sock the adder!
You kill the adder!
Trog accepts your kill.
* * * LOW HITPOINT WARNING * * *
You feel sick.
Unknown command.
As you read the scroll labeled VAOMOHUDD XOJI, it crumbles to dust.
It is a scroll of identify.
o - 3 scrolls of blinking You die...

#........
#.####### #.#
#[# #.# #.#
### #.####.#
########
#......#
#.....@#
######.#
#......#####
#.#
#..........#
#.#
#......###.#
#.# +...>..##
#.# #.......#
#.#
#####.......#
#.#
#.........!.#
#.#
#.###.......#
#.#


There were no monsters in sight!

Vanquished Creatures
  An adder (D:2)
  A leopard gecko (D:1)
  4 bats
  4 giant cockroaches (D:1)
  A goblin (D:1)
  2 hobgoblins (D:1)
  4 jackals (D:1)
  3 kobolds
  A frilled lizard (D:1)
  7 rats (D:1)
28 creatures vanquished.

Notes
Turn   | Place    | Note
-------+----------+-------------------------------------------
     0 | D:1      | Rrauwl the Ogre Berserker began the quest for the Orb.
     0 | D:1      | Reached XP level 1. HP: 24/24 MP: 1/1
   113 | D:1      | Reached XP level 2. HP: 28/32 MP: 2/2
   704 | D:1      | Reached XP level 3. HP: 40/40 MP: 3/3
   975 | D:2      | Found an ancient bone altar of Kikubaaqudgha.
   976 | D:2      | Found a blossoming altar of Fedhas.
  1011 | D:2      | Reached ** piety under Trog
  1067 | D:2      | HP: 1/40 [poisoned by an adder]
  1073 | D:2      | HP: 2/40 [adder (1)]
  1075 | D:2      | Succumbed to an adder's poison

Vault maps used:
D:1:      matt_arrival_refuge, minmay_misc_feat_rows
D:2:      grunt_temple_overflow_growth_and_decay, first_ration

Skill      XL: |  1  2 |
---------------+-------+-----
Maces & Flails | 3 |  3.2
Dodging        | 3 |  3.1
Fighting       | |  4.6

Action                   || total
-------------------------++-------
Melee: Mace              ||   111
  Use: Potion            ||     4
       Scroll            ||     1
 Stab: Sleeping          ||     1
  Eat: Chunk             ||     1
Armor: Animal skin       ||    43
Dodge: Dodged            ||    78

Table legend:
 A = Spawn XP
 B = Non-spawn XP
 C = Spawn XP percentage of total XP
 D = Spawn monster count
 E = Non-spawn monster count
 F = Spawn count percentage of total count
 G = Total turns spent on level
                    A         B        C        D         E        F      G
               +---------+---------+-------+---------+---------+-------+---------
         Total |       0 |      56 |   0.0 |       0 |      28 |   0.0 |  1075
               +---------+---------+-------+---------+---------+-------+---------
           D:1 |       0 |      39 |   0.0 |       0 |      23 |   0.0 |   933
           D:2 |       0 |      17 |   0.0 |       0 |       5 |   0.0 |   142
               +---------+---------+-------+---------+---------+-------+---------
